 Dungeon Crawl Stone Soup version 0.27-a0-637-g3a9f0a9c12 (webtiles) character file.

Game seed: 7538769564841943888

8387 wakim the Tainter (level 11, -6/69 HPs)
             Began as an Octopode Venom Mage on Mar 14, 2021.
             Was a Believer of Makhleb.
             Mangled by a four-headed hydra (12 damage)
             ... on level 9 of the Dungeon.
             The game lasted 00:39:24 (14669 turns).

wakim the Tainter (Octopode Venom Mage)            Turns: 14669, Time: 00:39:25

Health: -6/69      AC:  5    Str:  7    XL:     11   Next: 30%
Magic:  17/17      EV: 26    Int: 20    God:    Makhleb [**....]
Gold:   573        SH:  0    Dex: 20    Spells: 9/18 levels left

rFire    . . .     SeeInvis .   a - +8 trident of the Octopus King {venom, rElec rPois Will+}
rCold    . . .     Faith    .   (no shield)
rNeg     + . .     Spirit   .   (helmet restricted)
rPois    +         Reflect  .   (no amulet)
rElec    +         Harm     .   c - +4 ring of evasion
rCorr    .         Rampage  .   d - ring of willpower
Will     ++...                  l - +4 ring of protection
Stlth    +++++.....             g - +6 ring of dexterity
HPRegen  0.21/turn              o - ring of positive energy
MPRegen  0.15/turn              r - +4 ring of evasion
                                (no ring)
                                (no ring)

@: no status effects
A: almost no armour, amphibious, 8 rings, camouflage 1, gelatinous body 1,
nimble swimmer 1, tentacles
a: Renounce Religion, Minor Destruction


You were on level 9 of the Dungeon.
You worshipped Makhleb.
Makhleb was pleased with you.
You visited 2 branches of the dungeon, and saw 11 of its levels.
You also visited: Ossuary.

You collected 573 gold pieces.

Inventory:

Hand Weapons
 a - the +8 trident of the Octopus King (weapon) {venom, rElec rPois Will+}
   (You found it on level 10 of the Dungeon)

   It poisons the flesh of those it strikes.
   It insulates you from electricity.
   It protects you from poison.
   It affects your willpower, your defense against some magical effects.
 b - a +0 hunting sling
Missiles
 i - 79 poisoned darts
 s - 5 curare-tipped darts
 t - 30 sling bullets
Magical Staves
 p - a staff of conjuration
 q - a staff of cold
Jewellery
 c - a +4 ring of evasion (left tentacle)
 d - a ring of willpower (right tentacle)
 g - a +6 ring of dexterity (on tentacle)
 l - a +4 ring of protection (on tentacle)
 o - a ring of positive energy (on tentacle)
 r - a +4 ring of evasion (on tentacle)
Wands
 e - a wand of charming (8)
 j - a wand of polymorph (4)
 y - a wand of mindburst (19)
Scrolls
 h - 4 scrolls of amnesia
 n - 2 scrolls of enchant weapon
 D - 3 scrolls of blinking
 F - a scroll of fog
 K - a scroll of immolation
 S - a scroll of summoning
 Y - 7 scrolls of teleportation {@r3}
 Z - 4 scrolls of identify {@r1}
Potions
 k - 2 potions of curing {@q1}
 C - 2 potions of cancellation
 G - 2 potions of ambrosia
 H - a potion of haste
 I - 2 potions of invisibility
 L - 6 potions of flight
 M - 3 potions of might
 N - 3 potions of heal wounds {@q2}


   Skills:
 - Level 4.0 Fighting
 * Level 2.7 Polearms
 - Level 8.0 Dodging
 - Level 8.0 Stealth
 + Level 4.4 Spellcasting
 + Level 4.4 Transmutations
 + Level 4.5 Fire Magic
 * Level 10.5 Poison Magic
 - Level 8.0 Invocations


You had 9 spell levels left.
You knew the following spells:

 Your Spells              Type           Power      Damage    Failure   Level
g - Ignite Poison         Fire/Tmut/Pois 30%        N/A       2%          3
s - Poisonous Vapours     Pois/Air       50%        N/A       2%          2
w - Olgreb's Toxic Radia  Pois           46%        N/A       1%          4

Your spell library contained the following spells:

 Spells                   Type           Power      Damage    Failure   Level
 Sting                    Tmut/Pois      100%       1d8       1%          1
 Mephitic Cloud           Conj/Pois/Air  18%        N/A       9%          3


Dungeon Overview and Level Annotations

Branches:
Dungeon (10/15)            Temple (1/1) D:7            Lair (0/6) D:9
Ossuary (visited)
    Orc: D:9-12

Altars:
Ashenzari
Cheibriados
Dithmenos
Elyvilon
Fedhas
Gozag
Hepliaklqana
Makhleb
Nemelex Xobeh
Okawaru
Ru
Sif Muna
Trog
Uskayaw
Vehumet
Wu Jian
Xom
Yredelemnul
Zin
The Shining One


Innate Abilities, Weirdness & Mutations

You cannot wear most types of armour.
You are amphibious.
You can wear up to eight rings at the same time.
Your skin changes colour to match your surroundings (Stealth+).
Your rubbery body absorbs attacks. (AC +1, EV +1)
You are stealthy while swimming. (Stealth+)
You have tentacles for arms and can constrict up to eight enemies at once.


Message History

The jelly is severely wounded.
You barely miss the jelly. You squeeze the jelly.
The jelly is severely wounded.
You hit the jelly.
Your tentacles burn!
The jelly is almost dead.
You puncture the jelly!
You kill the jelly!
You feel better.
w - a phial of floods Drop what? 33/52 slots (_ for help) (? for menu, Esc to quit)
You drop a phial of floods.
A slime creature comes into view.
A slime creature comes into view.
A slime creature comes into view.
A slime creature comes into view.
You reach to attack!
You hit the slime creature.
The slime creature is lightly wounded.
The slime creature quivers.
You hit the slime creature. Your squeeze misses the slime creature.
The slime creature is lightly wounded.
You puncture the slime creature!
The slime creature is moderately wounded.
The slime creature hits you!
You puncture the slime creature!
The slime creature is heavily wounded.
The slime creature hits you.
You puncture the slime creature!
The slime creature is heavily wounded.
The slime creature hits you!
You are too injured to fight recklessly!
Two slime creatures merge to form a large slime creature.
The slime creature hits you!!
* * * LOW HITPOINT WARNING * * *
There is a stone staircase leading up here.
You climb upwards.
The four-headed hydra bites you!
* * * LOW HITPOINT WARNING * * *
The four-headed hydra bites you.
* * * LOW HITPOINT WARNING * * *
The four-headed hydra bites you!
You die...

#........###...###.......
#........................
#.################.......
#.# #....... #.# #.......
#.# #....... #.# #.......
#.################.......
#.......@.........[......
#......D.................
#..############..........
#..# #..######## #..#
#..# #..# #..#
#..############..########
#........................
#........................


You could see a four-headed hydra.

Vanquished Creatures
  Erica (D:10)
  Pikel (D:5)
  Psyche (D:9)
  Maggie (D:10)
  A troll (D:10)
  2 steam dragons
  3 wargs (D:9)
  Menkaure (D:5)
  A water moccasin (D:9)
  2 ice beasts
  2 sky beasts
  2 black bears
  An orc warrior (D:10)
  5 ogres
  4 centaurs
  3 lemures (D:5)
  5 phantoms
  4 bullfrogs
  A kobold brigand (D:9)
  15 scorpions
  12 wights
  8 killer bees
  4 howler monkeys
  3 centaur zombies
  5 jellies
  3 hounds
  A human zombie (Ossuary)
  A bullfrog skeleton (D:9)
  11 orc priests
  6 iguanas
  7 orc wizards
  3 worker ants
  A hound zombie (D:8)
  3 mummies (Ossuary)
  4 hound skeletons
  A worker ant zombie (D:8)
  4 gnolls (D:2)
  4 scorpion zombies (Ossuary)
  7 adders
  A shadow imp (D:10)
  A white imp (D:6)
  2 ufetubi (D:8)
  An ooze (D:4)
  An adder zombie (D:5)
  2 adder skeletons
  A worm (D:3)
  4 dart slugs
  2 leopard geckos
  30 orcs
  3 ball pythons
  10 bats
  8 giant cockroaches
  9 goblins
  10 hobgoblins
  21 jackals
  4 kobolds
  2 quokkas
  7 frilled lizards
  2 goblin zombies (Ossuary)
  2 hobgoblin zombies (Ossuary)
  4 kobold zombies (Ossuary)
  A leopard gecko skeleton (D:5)
  An orc zombie (Ossuary)
  A quokka skeleton (D:4)
  13 rats
287 creatures vanquished.

Vanquished Creatures (others)
  14 fungi (D:8)
14 creatures vanquished.

Grand Total: 301 creatures vanquished

Notes
Turn   | Place    | Note
-------+----------+-------------------------------------------
     0 | D:1      | wakim the Octopode Venom Mage began the quest for the Orb.
     0 | D:1      | Reached XP level 1. HP: 11/11 MP: 3/3
     8 | D:1      | You fall into a shaft and drop 1 floor!
    30 | D:2      | Reached XP level 2. HP: 9/17 MP: 3/5
    33 | D:2      | Learned a level 2 spell: Poisonous Vapours
   102 | D:2      | Reached skill level 4 in Poison Magic
   247 | D:2      | Reached XP level 3. HP: 18/21 MP: 1/6
   952 | D:1      | Reached XP level 4. HP: 26/27 MP: 3/7
  1163 | D:1      | Reached skill level 5 in Poison Magic
  1300 | D:1      | Learned a level 4 spell: Olgreb's Toxic Radiance
  1998 | D:2      | Reached XP level 5. HP: 31/31 MP: 4/9
  2316 | D:2      | Found an ornate altar of the Wu Jian Council.
  2316 | D:2      | Found a white marble altar of Elyvilon.
  2558 | D:3      | Reached skill level 6 in Poison Magic
  3057 | D:3      | Reached skill level 5 in Stealth
  3057 | D:3      | Reached XP level 6. HP: 33/36 MP: 4/10
  3139 | D:3      | Learned a level 3 spell: Ignite Poison
  3904 | D:4      | Found a sacrificial altar of Ru.
  4378 | D:4      | Reached skill level 1 in Fire Magic
  4833 | D:5      | Entered Level 5 of the Dungeon
  4833 | D:5      | Noticed Pikel
  4836 | D:5      | Killed Pikel
  4837 | D:5      | Reached skill level 8 in Poison Magic
  4837 | D:5      | Reached XP level 7. HP: 41/41 MP: 3/11
  4837 | D:5      | Reached XP level 8. HP: 46/46 MP: 3/12
  5062 | D:5      | Identified the +6 hand axe of Precise Incision {vorpal,
                  | rC+++ Will+ Str-5 Dex+3}
  5065 | D:5      | Noticed Menkaure
  5075 | D:5      | Killed Menkaure
  5126 | D:5      | Found a sand-covered staircase.
  5132 | Ossuary  | Entered an ossuary
  5578 | Ossuary  | Reached XP level 9. HP: 42/51 MP: 7/15
  6051 | Ossuary  | Reached skill level 5 in Dodging
  6216 | D:5      | Reached skill level 9 in Poison Magic
  7625 | D:6      | Reached skill level 10 in Poison Magic
  7810 | D:6      | Reached skill level 1 in Fighting
  8415 | D:7      | Found a staircase to the Ecumenical Temple.
  8428 | Temple   | Entered the Ecumenical Temple
  8554 | Temple   | Became a worshipper of Makhleb the Destroyer
  8828 | D:7      | Found a broken altar of Ashenzari.
  9054 | D:7      | Reached skill level 1 in Invocations
  9532 | D:7      | Reached XP level 10. HP: 37/58 MP: 16/16
 10873 | D:8      | Reached * piety under Makhleb
 11065 | D:8      | Found a hide-covered altar of Uskayaw.
 11826 | D:8      | Reached skill level 5 in Invocations
 11934 | D:8      | Reached ** piety under Makhleb
 12223 | D:9      | Noticed Psyche
 12230 | D:9      | Killed Psyche
 12789 | D:9      | Found a staircase to the Lair.
 13094 | D:9      | Found a basalt altar of Yredelemnul.
 13569 | D:10     | Entered Level 10 of the Dungeon
 13597 | D:10     | Noticed a four-headed hydra
 13622 | D:9      | HP: 3/63 [four-headed hydra (11)]
 13655 | D:10     | Noticed Maggie
 13658 | D:10     | Found the +8 trident of the Octopus King {venom, rElec
                  | rPois Will+}
 13889 | D:10     | Killed Maggie
 13890 | D:10     | Reached XP level 11. HP: 69/69 MP: 7/17
 14108 | D:10     | Reached skill level 1 in Polearms
 14223 | D:10     | Noticed Erica
 14227 | D:10     | Killed Erica
 14669 | D:9      | Mangled by a four-headed hydra

Illustrated notes

Levels and vault maps discovered:
D:1:      minmay_arrival_hallway, layout_loops_ring, dk_noncrumbling_2,
          chequers_jeans
D:2:      layout_rooms, gammafunk_temple_overflow_elements
D:3:      cheibrodos_pilgrimage, layout_rooms, kennysheep_generic_room_3
D:4:      layout_layer_cave, nicolae_ru_awakened_eye, st_stairs_10
D:5:      layout_gridville, nicolae_ossuary_entry_plus, uniq_pikel,
          uniq_menkaure
D:6:      layout_loops_ring
D:7:      layout_cave_pods, temple_fountains, cheibrodos_ashenzari_chains
D:8:      kennysheep_steamy, layout_basic,
          nicolae_uskayaw_murder_on_the_dancefloor
D:9:      layout_long_grid, erik_lair_orcish_takeover, basic_altar,
          minmay_fractal_squares_gapless_5, uniq_psyche
D:10:     layout_irregular_city, uniq_erica, uniq_maggie
Temple:   eino_narrow_crystal_temple

Skill      XL: |  1  2  3  4  5  6  7  8  9 10 11 |
---------------+----------------------------------+-----
Stealth        | 3 4 5 6 7 8 |  8.0
Poison Magic   | 4 5 6 8 10 | 10.5
Spellcasting   | 3 4 |  4.4
Fire Magic     | 2 3 4 |  4.5
Transmutations | 2 3 4 |  4.4
Dodging        | 4 6 8 |  8.0
Fighting       | 2 4 |  4.0
Invocations    | 2 8 |  8.0
Polearms       | 2 |  2.7

Action                   |  1- 3 |  4- 6 |  7- 9 | 10-12 || total
-------------------------+-------+-------+-------+-------++-------
Melee: Unarmed           |    28 |       |       |       ||    28
       Constrict         |     8 |    29 |    29 |    29 ||    95
       Tentacles         |     3 |    20 |    29 |    40 ||    92
       Dagger            |     3 |   128 |     5 |       ||   136
       Hand axe          |       |       |   131 |       ||   131
       Falchion          |       |       |     2 |       ||     2
       Dire flail        |       |       |    10 |    92 ||   102
       Short sword       |       |       |       |    44 ||    44
       Morningstar       |       |       |       |    10 ||    10
       Trident           |       |       |       |    48 ||    48
 Fire: Shortbow          |       |       |    19 |       ||    19
Throw: Dart              |       |    15 |       |       ||    15
 Cast: Sting             |     2 |       |       |       ||     2
       Poisonous Vapours |    27 |    34 |     5 |     1 ||    67
       Olgreb's Toxic Ra |       |     8 |    22 |    29 ||    59
       Ignite Poison     |       |     2 |    12 |    15 ||    29
Invok: Minor Destruction |       |       |       |     3 ||     3
  Use: Scroll            |       |    12 |     7 |     2 ||    21
 Stab: Sleeping          |       |    11 |    12 |    10 ||    33
       Distracted        |       |     1 |       |     3 ||     4
Armor: Skin              |     5 |     3 |     7 |    27 ||    42
Dodge: Dodged            |    27 |    88 |   144 |   216 ||   475
       Rpst.: Falchion   |       |       |     1 |       ||     1

Table legend: (Time is in decaauts)
 A = Elapsed time spent in this place.
 B = Non-inter-level travel time spent in this place.
 C = Inter-level travel time spent in this place.
 D = Time resting spent in this place.
 E = Time spent auto-exploring this place.
 F = Levels seen in this place.
 G = Mean time per level.
                   A        B        C        D        E       F      G
               +--------+--------+--------+--------+--------+-----+--------+
         Total |  14766 |  14083 |    683 |     67 |  11409 |  12 | 1230.5 |
       Dungeon |  13596 |  12928 |    668 |     67 |  10510 |  10 | 1359.6 |
        Temple |    141 |    126 |     15 |      0 |    121 |   1 |  141.0 |
       Ossuary |   1028 |   1028 |      0 |      0 |    778 |   1 | 1028.0 |
               +--------+--------+--------+--------+--------+-----+--------+

Top non-repeatable levels by time:
     D:8: 2153 daAuts
     D:7: 1533 daAuts
     D:5: 1513 daAuts
     D:6: 1452 daAuts
     D:2: 1316 daAuts
     D:4: 1293 daAuts
     D:1: 1129 daAuts
     D:3: 1104 daAuts
    D:10: 1075 daAuts
 Ossuary: 1028 daAuts
     D:9: 1025 daAuts
  Temple: 141 daAuts
